Eri, neutral female sylph Healer --- --..-- --.....| |......-- --......| ----- -....-- |...| |....| |...| |..-.-- |..-| |.|...| |...| |.|..-- --.--- |.|--- --. |...| |.| h@. ---.| -----.| -... ---|.| |.--..| |...---..|.-- |^....| ---...<.....-----...| |................-| -......|....--...| --.---.--- -.-- --- --- Eri the Rhizotomist Experience level: 2 Strength: 10 Dexterity: 7 Constitution: 15 Intelligence: 11 Wisdom: 16 Charisma: 16 Health: 0(21) Energy: 10(10) Def: 0 Gold: 1863 Moves: 362 Dungeon seed: HnnpS11mQlJ6BobJ Game ID: Eri_1626972151 Your Inventory: Coins $ - 1863 gold pieces Weapons a - an uncursed +0 scalpel (weapon in hand) x - an uncursed +0 dart Armor e - an uncursed +1 pair of leather gloves q - an uncursed +0 dwarvish cloak y - an uncursed +0 pair of iron shoes Comestibles l - 4 blessed eucalyptus leaves m - 2 blessed sprigs of wolfsbane o - 4 blessed cloves of garlic p - 5 uncursed apples u - an uncursed tin of spinach Spellbooks i - a blessed spellbook of healing j - a blessed spellbook of extra healing k - a blessed spellbook of stone to flesh Potions c - 2 uncursed potions of healing d - 2 blessed potions of healing f - 3 uncursed potions of extra healing g - a blessed potion of extra healing r - an uncursed potion of gain energy t - an uncursed potion of fruit juice Wands h - an uncursed wand of sleep (0:6) w - an uncursed wand of undead turning (0:6) Tools b - an uncursed stethoscope s - an uncursed magic harp (0:0) Gems n - an uncursed worthless piece of red glass Spells and supernatural/magical abilities: Name Level Category Fail Memory h - healing 1 healing 0% 99% x - extra healing 3 healing 91% 99% S - stone to flesh 3 healing 96% 99% W - pray for help -- divine ? -- Your skills at the end: Miscellaneous Skills wands [Basic] Weapon Skills knife [Basic] Spellcasting Skills healing spells [Basic] Final Attributes: You were devoutly aligned. You were poison resistant. You saw invisible. You were very stealthy. You were protected from shape changers. You are dead. Vanquished creatures: a dwarf 3 coyotes 2 giant rats 2 gnomes 2 jackals a newt a kobold zombie 12 creatures vanquished. Voluntary challenges: You went without food. You wore only your undergarments. You did not cause conflict. You were not invisible. You did not have reflection. You were not displaced. You were an atheist. You used a wielded weapon 38 times, starting on turn 3. You did not use tools. You did not use sinks. You did not drink any magical draughts. You read items or engraved 1 time, starting on turn 181. You never genocided any monsters. You never polymorphed an object. You never changed form. You used no wishes. You never split a pudding. You never wrote Elbereth's name. You never violated your personal moral code. Dungeon overview: The Dungeons of Doom: levels 1 to 3 Level 1 a long staircase Level 2 a fountain Level 3 a fountain stairs to The Gnomish Mines The Gnomish Mines: Level 4 <- You were here stairs to The Dungeons of Doom History has recorded: On T:1 you entered the Dungeons of Doom to retrieve the Amulet of Yendor! On T:73 you reached level 2 of The Dungeons of Doom. On T:140 you reached level 3 of The Dungeons of Doom. On T:182 you reached level 1 of The Gnomish Mines. On T:202 you advanced to experience level 2. Score breakdown: Gold: 189 ( 18 points) Experience: 2 levels ( 100 points) Exploration: 4 levels ( 90 points) Discoveries: 6 items ( 300 points) Variety of kills: 7 monsters ( 350 points) Major goal: (nothing yet) ( 0 points) Survival: died (score multiplied by 3) Total score: 2574 Latest messages: The dwarf thrusts her dagger at you. The dwarf stabs you! You kill the dwarf! There are several objects here. x - a dart. q - a hooded cloak. y - a pair of hard shoes. You are not wearing any armor. You slash the dwarf. The dwarf is lightly wounded. You slash the dwarf. The dwarf is moderately wounded. The dwarf swings his broad pick at you. The dwarf hits you! You hack the dwarf. The dwarf is moderately wounded. You slash the dwarf. The dwarf is heavily wounded. The dwarf swings his broad pick at you. The dwarf hits you! You die... Final status: Goodbye Eri the Healer, killed by a dwarf... You died in The Gnomish Mines on dungeon level 4 with 2574 points, and 1863 pieces of gold, after 362 moves. You were level 2 with a maximum of 21 hit points when you died.